 Dungeon Sprint DCSS version 0.19-a0-1932-g59670f6 (webtiles) character file.

187 packetloss the Grappler (level 5, -2/47 HPs)
             Began as a Ghoul Gladiator on Oct 26, 2016.
             Was an Initiate of Okawaru.
             Slain by a hill giant
             ... wielding a +0 giant club
              (28 damage)
             ... in the Dungeon (Sprint IX: "|||||||||||||||||||||||||||||").
             The game lasted 00:02:53 (386 turns).

packetloss the Grappler (Ghoul Gladiator)            Turns: 386, Time: 00:02:54

Health: -2/47      AC: 12    Str: 20    XL:     5   Next: 66%
Magic:  3/6        EV: 12    Int:  3    God:    Okawaru [......]
Gold:   0          SH:  0    Dex:  9    Spells: 0 memorised, 4 levels left

rFire  . . .     SeeInvis .       - Unarmed
rCold  + . .     Gourm    .     u - +1 scale mail
rNeg   + + +     Faith    .     (no shield)
rPois  ∞         Spirit   .     b - +0 helmet
rElec  .         Reflect  .     q - +0 cloak
rCorr  .         Harm     .     r - +0 pair of gloves
MR     .....     NoTele   +     (no boots)
Stlth  ..........               (no amulet)
                                s - +2 ring of protection
                                t - +2 ring of evasion

@: rotting
A: rotting body, claws 1, carnivore 3, cold resistance 1, negative energy
resistance 3, slow regeneration 1, torment resistance, unbreathing
a: Renounce Religion


You were in the Dungeon.
You worshipped Okawaru.
Okawaru was noncommittal.
You were not hungry.

You visited 1 branch

Inventory:

Hand Weapons
 f - a cursed -2 dagger
   (You took it off an orc in the Dungeon)
Missiles
 c - 3 throwing nets (quivered) {=f, !d}
Armour
 a - a +0 leather armour
 b - a +0 helmet (worn)
 q - a +0 cloak (worn)
   (You found it in the Dungeon)
 r - a +0 pair of gloves (worn)
   (You found it in the Dungeon)
 u - a +1 scale mail (worn)
   (You found it in the Dungeon)
Magical Staves
 o - an uncursed staff of energy {+MP, hungerless spells, !d!a@w1}
   (You found it in the Dungeon)
Jewellery
 s - a +2 ring of protection (right hand)
   (You found it in the Dungeon)
 t - a +2 ring of evasion (left hand)
   (You found it in the Dungeon)
Wands
 p - a wand of acid (7/15)
   (You found it in the Dungeon)
Scrolls
 j - 2 scrolls of blinking {!r}
 m - 3 scrolls of remove curse
 n - 2 scrolls of amnesia
Potions
 e - 5 potions of curing
 g - a potion of haste
 h - 4 potions of magic
 i - a potion of berserk rage {!q}
 k - a potion of invisibility
 l - 2 potions of heal wounds
Comestibles
 d - a meat ration {@e2}


   Skills:
 + Level 4.6 Fighting
 - Level 1.7 Throwing
 - Level 2.6 Dodging
 + Level 11.0 Unarmed Combat
 + Level 3.9 Invocations


You had 4 spell levels left.
You didn't know any spells.

Dungeon Overview and Level Annotations

Branches:
Dungeon (1/1)

Altars:
Cheibriados
Dithmenos
Elyvilon
Fedhas
Gozag
Hepliaklqana
Kikubaaqudgha
Makhleb
Nemelex Xobeh
Okawaru
Qazlal
Ru
Sif Muna
Trog
Uskayaw
Vehumet
Xom
Yredelemnul
Zin
The Shining One
Beogh
Jiyva
Lugonu


Innate Abilities, Weirdness & Mutations

Your body is rotting away.
You thrive on raw meat.
You are immune to poison.
You have sharp fingernails.
You are carnivorous and can eat meat at any time.
Your flesh is cold resistant. (rC+)
You are immune to negative energy. (rN+++)
You regenerate slowly when monsters are visible.
You are immune to unholy pain and torment.
You can survive without breathing.


Message History

There is a hide-covered altar of Uskayaw here.
There is a radiant altar of Vehumet here.
There is a shimmering altar of Xom here.
There is a basalt altar of Yredelemnul here.
There is a glowing silver altar of Zin here.
There is a glowing golden altar of the Shining One here.
Okay, then.
You open the door.
Unknown command.
There is an open door here.
h - 4 potions of magic (gained 2);
k - a potion of invisibility
l - 2 potions of heal wounds;
e - 5 potions of curing (gained 4)
m - 3 scrolls of remove curse;
n - 2 scrolls of amnesia
j - 2 scrolls of blinking {!r} (gained 1)
o - an uncursed staff of energy {+MP, hungerless spells, !d!a@w1}
p - a wand of acid (7/15)
Items here: )))))) the +2 scimitar "Anerhah" {drain, *Slow rPois Int+2 Dex+4} a +4 quarterstaff of holy wrath; a +2 halberd of venom a +2 morningstar of crushing; a +1 broad axe of chopping; a +2 rapier of venom
q - a +0 cloak
r - a +0 pair of gloves You see here a +1 scale mail.
s - a +2 ring of protection
t - a +2 ring of evasion You see here a +1 scale mail.
Put on which piece of jewellery? (? for menu, Esc to quit)
t - a +2 ring of evasion (left claw) Put on which piece of jewellery? (? for menu, Esc to quit)
s - a +2 ring of protection (right claw) Inscribe with what?
Okay, then.
Unknown command.
You start putting on your armour.
You continue putting on your +0 cloak. x4
You finish putting on your +0 cloak.
You start putting on your armour.
You continue putting on your +0 pair of gloves. x4
You finish putting on your +0 pair of gloves.
Unknown command.
You see here a +1 scale mail.
u - a +1 scale mail You start removing your armour.
You continue taking off your +0 leather armour. x4
You finish taking off your +0 leather armour.
You start putting on your armour.
You continue putting on your +1 scale mail. x5
You finish putting on your +1 scale mail.
Unknown command.
Unknown command.
You open the door.
A hippogriff, a worker ant, an ice beast, an orc, an ogre and a hill giant come into view.
The orc shouts!
The hill giant shouts!
The hippogriff screeches!
The worker ant twitches its antennae in your direction.
Warning x3: The hill giant can hit for high damage in melee!
The hippogriff can hit for high damage in melee!
The ogre can hit for high damage in melee!
Unknown command.
You punch the ogre! You punch the ogre. The ogre closely misses you.
You punch the ogre!
The worker ant waves its antennae.
You punch the ogre!
You kill the ogre!
Okawaru is honoured by your kill.
Your Fighting skill gained 2 levels and is now at level 4!
Your Unarmed Combat skill increases to level 11!
Your Invocations skill gained 3 levels and is now at level 3!
You have reached level 5!
You feel stronger.
Warning x2: The hill giant can hit for high damage in melee!
The hippogriff can hit for high damage in melee!
Health restored: 47
Okay, then.
You hit the orc. The orc barely misses you.
You barely miss the orc. Your punch misses the orc.
The orc hits you but does no damage.
You hit the orc. The orc hits you with a whip.
Warning x2: The hill giant can hit for high damage in melee!
The hippogriff can hit for high damage in melee!
You take 2 damage, and have 45/47 hp.
You closely miss the orc. You punch the orc!
You kill the orc!
Okawaru accepts your kill.
You don't know any spells.
Warning x2: The hill giant can hit for high damage in melee!
The hippogriff can hit for high damage in melee!
Unknown command.
Unknown command.
Okay, then.
Unknown command.
Okay, then.
You punch the hill giant! The hill giant completely misses you.
Warning x2: The hill giant can hit for high damage in melee!
The hippogriff can hit for high damage in melee!
You punch the hill giant!
The hill giant hits you with a giant club!!
You take 19 damage, and have 26/47 hp.
MASSIVE DAMAGE!!
Unknown command.
You barely miss the hill giant. You punch the hill giant.
Warning x2: The hill giant can hit for high damage in melee!
The hippogriff can hit for high damage in melee!
You punch the hill giant!
The hill giant hits you with a giant club!!
Ouch! That really hurt!
You die... ▓▓▓▓▓▓▓▓▓▓▓▓▓▓▓▓▓ '...)....@CYHa... ▓▓▓▓▓▓▓▓▓▓▓▓▓▓▓▓▓

You could see a hill giant, a hippogriff, an ice beast and a worker ant.

Vanquished Creatures
  A phantom (D)
  An ogre (D)
  A leopard gecko (D)
  2 orcs (D)
  A bat skeleton (D)
  2 goblins (D)
  A hobgoblin (D)
  A jackal (D)
  A kobold (D)
  A leopard gecko zombie (D)
12 creatures vanquished.

Notes
Turn   | Place    | Note
-------+----------+-------------------------------------------
     0 | D        | packetloss the Ghoul Gladiator began the quest for the Orb.
     0 | D        | Reached XP level 1. HP: 17/17 MP: 0/0
    14 | D        | Reached skill level 4 in Unarmed Combat
    27 | D        | Reached skill level 5 in Unarmed Combat
    29 | D        | Reached XP level 2. HP: 17/24 MP: 1/1
   143 | D        | Noticed a phantom
   154 | D        | Reached skill level 6 in Unarmed Combat
   160 | D        | HP: 2/24 [phantom (6)]
   175 | D        | Killed a phantom
   175 | D        | Reached skill level 10 in Unarmed Combat
   175 | D        | Reached XP level 3. HP: 19/29 MP: 2/2
   175 | D        | Reached XP level 4. HP: 24/36 MP: 3/3
   299 | D        | Found a roughly hewn altar of Beogh.
   299 | D        | Found a snail-covered altar of Cheibriados.
   299 | D        | Found a shadowy altar of Dithmenos.
   299 | D        | Found a white marble altar of Elyvilon.
   299 | D        | Found a blossoming altar of Fedhas.
   299 | D        | Found an opulent altar of Gozag.
   300 | D        | Found a hazy altar of Hepliaklqana.
   301 | D        | Found a viscous altar of Jiyva.
   302 | D        | Found an ancient bone altar of Kikubaaqudgha.
   303 | D        | Found a corrupted altar of Lugonu.
   304 | D        | Found a burning altar of Makhleb.
   305 | D        | Found a sparkling altar of Nemelex Xobeh.
   306 | D        | Found an iron altar of Okawaru.
   307 | D        | Found a stormy altar of Qazlal.
   308 | D        | Found a sacrificial altar of Ru.
   309 | D        | Found a deep blue altar of Sif Muna.
   310 | D        | Found a bloodstained altar of Trog.
   311 | D        | Found a hide-covered altar of Uskayaw.
   312 | D        | Found a radiant altar of Vehumet.
   313 | D        | Found a shimmering altar of Xom.
   314 | D        | Became a worshipper of Warmaster Okawaru
   315 | D        | Found a basalt altar of Yredelemnul.
   316 | D        | Found a glowing silver altar of Zin.
   317 | D        | Found a glowing golden altar of the Shining One.
   373 | D        | Noticed an ogre
   373 | D        | Noticed an ice beast
   373 | D        | Noticed a hill giant
   373 | D        | Noticed a hippogriff
   376 | D        | Killed an ogre
   376 | D        | Reached skill level 4 in Fighting
   376 | D        | Reached skill level 11 in Unarmed Combat
   376 | D        | Reached skill level 3 in Invocations
   376 | D        | Reached XP level 5. HP: 47/47 MP: 3/6
   386 | D        | Slain by a hill giant

Vault maps used:
D:        linesprint

Skill      XL: |  1  2  3  4 |
---------------+-------------+-----
Unarmed Combat | 5 10 11 | 11.0
Fighting       | 4 |  4.6
Invocations    | 3 |  3.9
Throwing       | |  1.7
Dodging        | |  2.6

Action                   |  1- 3 |  4- 6 || total
-------------------------+-------+-------++-------
Melee: Unarmed           |    50 |    12 ||    62
       Punch             |       |     2 ||     2
Throw: Throwing net      |     3 |       ||     3
  Use: Potion            |     1 |       ||     1
  Eat: Chunk             |     3 |     1 ||     4
Armor: Leather armour    |    12 |       ||    12
       Scale mail        |       |     1 ||     1
Dodge: Dodged            |    15 |     3 ||    18

Vault maps used:
D:        linesprint

Table legend:
 A = Turns spent in this place as a percentage of turns spent in the entire game.
 B = Non-inter-level travel turns spent in this place as a percentage of non-inter-level travel turns spent in the entire game.
 C = Inter-level travel turns spent in this place as a percentage of turns spent in this place.
 D = Turns resting spent in this place as a percentage of non-inter-level travel turns spent in this place.
 E = Turns spent auto-exploring this place as a percentage of non-inter-level travel turns spent in this place.
 F = Non-inter-level travel turns spent in this place divided by the number of levels of this place that you've seen.
                   A       B       C       D       E      F
               +-------+-------+-------+-------+-------+----------------------
         Total | 100.0 | 100.0 |   0.0 |   2.4 |   0.0 | 207.0
       Dungeon | 100.0 | 100.0 |   0.0 |   2.4 |   0.0 | 207.0
               +-------+-------+-------+-------+-------+----------------------

Table legend:
 A = Kills in this place as a percentage of kills in entire the game.
 B = Kills by you in this place as a percentage of kills by you in the entire game.
 C = Kills by friends in this place as a percentage of kills by friends in the entire game.
 D = Other kills in this place as a percentage of other kills in the entire game.
 E = Experience gained in this place as a percentage of experience gained in the entire game.
 F = Experience gained in this place divided by the number of levels of this place that you have seen.
                   A       B       C       D       E      F
               +-------+-------+-------+-------+-------+----------------------
         Total | 100.0 | 100.0 |  -nan |  -nan | 100.0 | 268.0
       Dungeon | 100.0 | 100.0 |  -nan |  -nan | 100.0 | 268.0
               +-------+-------+-------+-------+-------+----------------------
